 Dungeon Crawl Stone Soup version 0.30-a0-723-gc1506a1cf0 (webtiles) character file.

Game seed: 4160169139430990552

12140 funkygono the Basher (level 11, -5/68 HPs)
             Began as a Gargoyle Fighter on Jan 28, 2023.
             Was a Priest of Okawaru.
             Slain by a troll simulacrum (8 damage)
             ... in an ice cave.
             The game lasted 00:28:19 (11032 turns).

funkygono the Basher (Gargoyle Fighter)            Turns: 11032, Time: 00:28:20

Health: -5/68      AC: 31    Str: 22    XL:     11   Next: 88%
Magic:  14/14      EV: 13    Int: 12    God:    Okawaru [***...]
Gold:   871        SH:  6    Dex:  8    Spells: 10/10 levels left

rFire   . . .      SeeInvis .    a - +1 flail (drain)
rCold   . . .      Faith    .    c - +0 buckler
rNeg    + . .      Spirit   .    H - +0 plate armour
rPois   ∞          Reflect  .    I - +1 helmet
rElec   +          Harm     .    (no cloak)
rCorr   .          Rampage  .    w - +1 pair of gloves
Will    +....                    l - +0 pair of boots Stlth
                                 (no amulet)
HPRegen 0.31/turn                G - ring of willpower
MPRegen 0.14/turn                B - +5 ring of evasion

@: heroic, studying Ranged Weapons
A: sickness immunity, AC +8, negative energy resistance 1, electricity
resistance, torment resistance 1, petrification resistance, clever 1, weak 1
a: Renounce Religion, Heroism


You were in an ice cave.
You worshipped Okawaru.
Okawaru was most pleased with you.
You visited 2 branches of the dungeon, and saw 12 of its levels.
You also visited: Bailey and Ice Cave.

You collected 871 gold pieces.

Inventory:

Hand Weapons
 a - a +1 flail of draining (weapon)
 o - a +0 whip
 x - a +1 heavy dire flail
Missiles
 h - 18 boomerangs (quivered)
 m - 3 boomerangs of dispersal
 D - 16 poisoned darts
 M - 3 throwing nets
 N - a curare-tipped dart
Armour
 b - a +0 scale mail
 c - a +0 buckler (worn)
 f - a +0 chain mail
 l - a +0 pair of boots (worn)
 u - a scarf of shadows
 w - a +1 pair of gloves (worn)
 H - a +0 plate armour (worn)
 I - a +1 helmet (worn)
 L - the +0 leather armour "Xeujo" {Str+3 Int+6}
   (You found it in a bailey)

   Str:       It affects your strength (+3).
   Int:       It affects your intelligence (+6).
Magical Staves
 v - a staff of poison
Jewellery
 e - a ring of resist corrosion
 n - a +6 ring of intelligence
 p - a ring of fire
 s - a ring of magical power
 t - a +6 ring of dexterity
 z - a ring of protection from cold
 B - a +5 ring of evasion (right hand)
 G - a ring of willpower (left hand)
Wands
 j - a wand of digging (5)
 y - a wand of polymorph (25)
 Q - a wand of roots (4)
Scrolls
 q - 5 scrolls of fog
 r - 2 scrolls of immolation
 A - a scroll of brand weapon
 F - a scroll of amnesia
 J - 2 scrolls of teleportation
 K - a scroll of magic mapping
 S - 2 scrolls of identify
Potions
 d - 2 potions of might
 g - 2 potions of flight
 i - 2 potions of brilliance
 k - 4 potions of magic
 C - 3 potions of mutation
 E - a potion of cancellation {unknown}
 O - 2 potions of curing {unknown}
Miscellaneous
 P - a box of beasts
 R - a phantom mirror


   Skills:
 + Level 8.1(13.1) Fighting
 + Level 12.4(17.4) Maces & Flails
 + Level 2.7(7.7) Throwing
 + Level 9.1(14.1) Armour
 + Level 2.0(7.0) Dodging
 + Level 3.7(8.7) Stealth
 + Level 7.9(12.9) Shields
 + Level 4.9 Invocations


You had 10 spell levels left.
You didn't know any spells.
Your spell library contained the following spells:

 Spells                   Type           Power      Damage    Failure   Level
 Beastly Appendage        Tmut           0%         N/A       98%         1
 Freeze                   Ice            0%         1d3       98%         1
 Slow                     Hex            0%         N/A       98%         1
 Blink                    Tloc           0%         N/A       99%         2
 Lesser Beckoning         Tloc           0%         N/A       99%         2
 Momentum Strike          Conj/Tloc      0%         3d8       99%         2
 Wereblood                Tmut           0%         N/A       99%         2
 Confusing Touch          Hex            0%         N/A       100%        3
 Frozen Ramparts          Ice            0%         1d1       100%        3
 Hailstorm                Conj/Ice       0%         3d3       100%        3
 Inner Flame              Hex/Fire       0%         N/A       100%        3
 Ozocubu's Armour         Ice            0%         N/A       100%        3
 Portal Projectile        Hex/Tloc       0%         N/A       100%        3
 Spider Form              Tmut/Pois      0%         N/A       100%        3
 Vampiric Draining        Necr           0%         2d6       100%        3
 Cause Fear               Hex            0%         N/A       100%        4
 Dispel Undead            Necr           0%         3d6       100%        4
 Blade Hands              Tmut           0%         N/A       100%        5
 Ozocubu's Refrigeration  Ice            0%         4d7       100%        7
 Discord                  Hex            0%         N/A       100%        8
 Cigotuvi's Dreadful Rot  Necr/Pois/Air  Unusable   N/A       N/A         2
 Tukima's Dance           Hex            Unusable   N/A       N/A         3
 Death Channel            Necr           Unusable   N/A       N/A         6

Dungeon Overview and Level Annotations

Branches:
Dungeon (11/15)            Temple (1/1) D:4          Bailey (visited)
  IceCv (1/1)
   Lair: D:8-11         Orc: D:9-12

Altars:
Ashenzari
Cheibriados
Dithmenos
Elyvilon
Fedhas
Gozag
Hepliaklqana
Kikubaaqudgha
Makhleb
Nemelex Xobeh
Okawaru
Qazlal
Ru
Sif Muna
Trog
Uskayaw
Vehumet
Wu Jian
Xom
Yredelemnul
Zin
The Shining One

Shops:
D:8 (

Annotations:
D:4 2 transporters, mrw0lf's ghost, novice HOFi


Innate Abilities, Weirdness & Mutations

You are immune to sickness and miasma.
Your stone body is resilient. (AC +8)
You are immune to poison.
You resist negative energy. (rN+)
You are resistant to electric shocks. (rElec)
You are resistant to unholy torment.
You are immune to petrification.
Your mind is acute. (Int +4, Str/Dex -1)
You are weak. (Str -2)


Message History

The white imp gestures at you. The puff of frost misses you.
You hit the white imp but do no damage.
The white imp is moderately wounded.
You hit the white imp but do no damage.
The white imp is moderately wounded.
You block the white imp's attack.
You block the troll simulacrum's attack.
The troll simulacrum barely misses you. The troll simulacrum misses you.
You sock the white imp!
You kill the white imp!
Okawaru accepts your kill. The troll simulacrum misses you.
You block the troll simulacrum's attack.
The troll simulacrum claws you.
* * * LOW HITPOINT WARNING * * *
The troll simulacrum freezes you!!
* * * LOW HITPOINT WARNING * * *
Unknown command.
It was a potion of mutation.
You feel extremely strange.
You feel weaker.
You feel clever.
Unknown command.
You sock the death yak simulacrum!
The death yak simulacrum is moderately damaged.
The troll simulacrum bites you but does no damage.
The troll simulacrum closely misses you.
The troll simulacrum barely misses you.
You sock the death yak simulacrum!
The death yak simulacrum is heavily damaged.
The death yak simulacrum completely misses you.
The troll simulacrum bites you but does no damage.
The troll simulacrum misses you.
You block the troll simulacrum's attack.
You sock the death yak simulacrum!
The death yak simulacrum is severely damaged.
You sock the death yak simulacrum!
The death yak simulacrum vaporises!
Okawaru accepts your kill. The troll simulacrum barely misses you.
The troll simulacrum claws you!
You die...

.## ..# .... ####
..... ##..######
#..... ##....##..##
###......
#..........###........
#.∩.∩.......#○Z.......
#.......##...@##......
##....#####..## .....
##..## #### 4... ####
.#. #


You could see a troll simulacrum.

Vanquished Creatures
  An orc warlord (Bailey)
  A centaur warrior (D:9)
  3 two-headed ogres
  A sea snake (shapeshifter) (D:9)
  An orc knight (Bailey)
  A wolf spider (D:9)
  An ice devil (IceCv)
  A troll (D:9)
  A shadow (D:9)
  Sigmund (D:6)
  A wraith (D:9)
  11 yaks
  A vampire (D:10)
  A wyvern (D:9)
  A death yak simulacrum (IceCv)
  A water moccasin (D:3)
  Duvessa (D:6)
  9 orc warriors
  3 ice beasts
  2 ogres
  A black bear (D:5)
  3 centaurs
  2 kobold brigands
  7 bullfrogs
  3 necrophages
  2 gnoll sergeants
  2 scorpions
  A two-headed ogre simulacrum (IceCv)
  8 wights
  Dowan (D:6)
  2 killer bees (D:9)
  A howler monkey (D:9)
  3 hounds
  7 orc priests
  4 jellies
  4 iguanas
  14 orc wizards
  A spriggan simulacrum (IceCv)
  Natasha (thrice) (D:4)
  2 troll simulacra (IceCv)
  7 gnolls
  13 adders
  2 shadow imps
  2 white imps (IceCv)
  An ufetubus (D:5)
  6 worms
  4 dart slugs
  36 orcs
  5 endoplasms
  5 giant cockroaches
  4 goblins
  5 hobgoblins
  9 jackals
  26 kobolds
  6 quokkas
  10 ball pythons
  A bat (D:2)
  4 frilled lizards
  2 rats (D:1)
262 creatures vanquished.

Vanquished Creatures (others)
  4 plants (D:1)
4 creatures vanquished.

Grand Total: 266 creatures vanquished

Notes
Turn   | Place    | Note
-------+----------+-------------------------------------------
     0 | D:1      | funkygono the Gargoyle Fighter began the quest for the Orb.
     0 | D:1      | Reached XP level 1. HP: 14/14 MP: 1/1
   137 | D:1      | Reached XP level 2. HP: 19/19 MP: 2/2
   756 | D:2      | Reached XP level 3. HP: 23/23 MP: 3/3
   819 | D:2      | Reached XP level 4. HP: 6/28 MP: 4/4
   950 | D:2      | Reached skill level 3 in Maces & Flails
  1586 | D:3      | Noticed a water moccasin
  1600 | D:3      | Killed a water moccasin
  1601 | D:3      | Reached skill level 4 in Maces & Flails
  1601 | D:3      | Reached skill level 1 in Stealth
  1601 | D:3      | Reached XP level 5. HP: 32/33 MP: 5/5
  1922 | D:3      | Reached XP level 6. HP: 38/38 MP: 6/6
  2094 | D:3      | Found a faded altar of an unknown god.
  2505 | D:4      | Found a staircase to the Ecumenical Temple.
  2535 | Temple   | Entered the Ecumenical Temple
  2598 | Temple   | Became a worshipper of Warmaster Okawaru
  2726 | D:4      | Found a transporter.
  2730 | D:4      | Noticed mrw0lf's ghost (novice HOFi)
  2733 | D:4      | Found a transporter.
  2757 | D:4      | Reached skill level 1 in Dodging
  2784 | D:4      | Noticed Natasha
  2788 | D:4      | Killed Natasha
  2934 | D:4      | Reached skill level 5 in Maces & Flails
  2938 | D:4      | Reached XP level 7. HP: 44/44 MP: 7/7
  3470 | D:4      | Noticed Natasha
  3482 | D:4      | Killed Natasha
  3788 | D:4      | Noticed Natasha
  3794 | D:4      | Killed Natasha
  3871 | D:5      | Entered Level 5 of the Dungeon
  3888 | D:5      | Reached skill level 5 in Armour
  3968 | D:5      | Reached * piety under Okawaru
  3969 | D:5      | Reached skill level 6 in Maces & Flails
  4129 | D:5      | Reached XP level 8. HP: 26/48 MP: 8/8
  4447 | D:5      | Reached skill level 7 in Maces & Flails
  4823 | D:6      | Reached skill level 5 in Shields
  4920 | D:6      | Reached skill level 1 in Invocations
  4964 | D:6      | Noticed Sigmund
  4986 | D:6      | Killed Sigmund
  5176 | D:6      | Reached skill level 5 in Fighting
  5325 | D:6      | Noticed a two-headed ogre
  5335 | D:6      | Killed a two-headed ogre
  5336 | D:6      | Reached skill level 8 in Maces & Flails
  5336 | D:6      | Reached XP level 9. HP: 10/54 MP: 11/11
  5693 | D:6      | Noticed Dowan
  5694 | D:6      | Noticed Duvessa
  5702 | D:6      | Killed Duvessa
  5711 | D:6      | Killed Dowan
  6113 | D:7      | Reached skill level 9 in Maces & Flails
  6360 | D:7      | Reached ** piety under Okawaru
  6568 | D:7      | Reached XP level 10. HP: 42/60 MP: 13/13
  7057 | D:8      | Found an ancient bone altar of Kikubaaqudgha.
  7061 | D:8      | Found a white marble altar of Elyvilon.
  7063 | D:8      | Found a basalt altar of Yredelemnul.
  7304 | D:8      | Found Azxuqygu's Antique Weapon Shoppe.
  7530 | D:9      | Reached skill level 10 in Maces & Flails
  7578 | D:9      | Found a flagged portal.
  7585 | Bailey   | Entered a bailey
  7621 | Bailey   | Noticed an orc warlord
  7815 | Bailey   | Noticed an orc knight
  7851 | Bailey   | Killed an orc knight
  7852 | Bailey   | Reached skill level 1 in Throwing
  7934 | Bailey   | Found a runed translucent gate.
  7934 | Bailey   | Found a runed translucent gate.
  7954 | Bailey   | Found a runed translucent gate.
  8072 | Bailey   | Killed an orc warlord
  8072 | Bailey   | Reached *** piety under Okawaru
  8092 | Bailey   | Identified the +0 leather armour "Xeujo" {Str+3 Int+6}
  8231 | D:9      | HP: 2/61 [orc priest/divine providence (11)]
  8249 | D:9      | Reached XP level 11. HP: 7/66 MP: 14/14
  8583 | D:9      | Reached skill level 11 in Maces & Flails
  8590 | D:9      | Noticed a centaur warrior
  8604 | D:9      | Killed a centaur warrior
  8612 | D:9      | Noticed a two-headed ogre
  8725 | D:9      | Noticed a wolf spider
  8739 | D:9      | Killed a wolf spider
  9333 | D:9      | Noticed a sea snake
  9357 | D:9      | Killed a sea snake
  9486 | D:9      | Killed a two-headed ogre
 10026 | D:9      | Acquired a manual of Ranged Weapons
 10118 | D:10     | Entered Level 10 of the Dungeon
 10169 | D:10     | Reached skill level 12 in Maces & Flails
 10484 | D:10     | Noticed a two-headed ogre
 10493 | D:10     | Killed a two-headed ogre
 10608 | D:10     | Found a shimmering blue altar of Sif Muna.
 10960 | D:11     | Found a frozen archway.
 10965 | IceCv    | Entered an ice cave
 11027 | IceCv    | HP: 1/68 [troll simulacrum (19)]
 11028 | IceCv    | Gained mutation: You are weak. (Str -2) [potion of
                  | mutation]
 11028 | IceCv    | Gained mutation: Your mind is acute. (Int +4, Str/Dex -1)
                  | [potion of mutation]
 11032 | IceCv    | Slain by a troll simulacrum

Illustrated notes

Levels and vault maps discovered:
D:1:      zelgadis_glass_arrival_small, layout_rooms, serial_forest,
          infiniplex_forest_lined_1, infiniplex_forest_corner_1,
          infiniplex_forest_clump_curved, infiniplex_forest_clump_medium,
          infiniplex_forest_clump_small
D:2:      layout_loops_ring, minmay_surrounded
D:3:      layout_basic, shapermc_ecumenical_altar_totnotflames,
          chequers_serial_rivers_small_b
D:4:      minmay_skewed_foursquare, layout_loops_ring, gammafunk_ghost_arena,
          uniq_natasha
D:5:      layout_basic
D:6:      layout_loops_cross, item_on_display_a, uniq_sigmund, uniq_duvessa
D:7:      layout_loops_ring
D:8:      layout_rooms, chequers_temple_overflow_statue_of_worship,
          serial_shops, shop
D:9:      layout_layer_cave, enter_bailey_2, nzn_random_ring
D:10:     layout_irregular_city, mainiacjoe_overflow_24_doors
D:11:     layout_basic, grunt_lair_entry_orc_guard_hut, orc_david_3,
          portal_ice_cave_entry_pillars_2, serial_shops, shop
Temple:   nicolae_temple_two_arcs
IceCv:    ice_cave_small_demon

Skill      XL: |  1  2  3  4  5  6  7  8  9 10 11 |
---------------+----------------------------------+-----
Maces & Flails | 4 5 6 8 9 10 12 | 12.4
Shields        | 4 5 6 7 |  7.9
Armour         | 4 5 7 8 9 |  9.1
Stealth        | 1 3 |  3.7
Fighting       | 4 5 6 8 |  8.1
Dodging        | 1 2 |  2.0
Invocations    | 3 4 |  4.9
Throwing       | 2 |  2.7

Action                     |  1- 3 |  4- 6 |  7- 9 | 10-12 || total
---------------------------+-------+-------+-------+-------++-------
  Melee: Flail             |   104 |   176 |   377 |   476 ||  1133
         Unarmed           |       |       |     1 |       ||     1
  Throw: Boomerang         |       |       |       |    28 ||    28
         Dart              |       |       |       |    11 ||    11
 Invoke: Heroism           |       |       |    10 |    20 ||    30
    Use: Scroll            |       |     5 |    12 |     7 ||    24
         Potion            |       |       |     2 |     4 ||     6
   Stab: Invisible         |       |       |     1 |     2 ||     3
 Armour: Scale mail        |    30 |       |       |       ||    30
         Chain mail        |    47 |    89 |   204 |    23 ||   363
         Plate armour      |       |       |       |   192 ||   192
  Dodge: Dodged            |    45 |    46 |   123 |   230 ||   444
  Block: Buckler           |    27 |    43 |    74 |   125 ||   269

Table legend: (Time is in decaauts)
 A = Elapsed time spent in this place.
 B = Non-inter-level travel time spent in this place.
 C = Inter-level travel time spent in this place.
 D = Time resting spent in this place.
 E = Time spent auto-exploring this place.
 F = Levels seen in this place.
 G = Mean time per level.
                   A        B        C        D        E       F      G
               +--------+--------+--------+--------+--------+-----+--------+
         Total |  11034 |  10552 |    482 |    575 |   6948 |  14 |  788.1 |
       Dungeon |  10378 |   9906 |    472 |    468 |   6822 |  11 |  943.5 |
        Temple |     72 |     63 |      9 |      0 |      0 |   1 |   72.0 |
        Bailey |    523 |    523 |      0 |    107 |    119 |   1 |  523.0 |
      Ice Cave |     60 |     60 |      0 |      0 |      6 |   1 |   60.0 |
               +--------+--------+--------+--------+--------+-----+--------+

Top non-repeatable levels by time:
     D:9: 2041 daAuts
     D:4: 1494 daAuts
     D:6: 1252 daAuts
     D:7: 946 daAuts
     D:3: 935 daAuts
     D:2: 901 daAuts
     D:5: 896 daAuts
    D:10: 826 daAuts
     D:1: 622 daAuts
  Bailey: 523 daAuts
     D:8: 451 daAuts
  Temple: 72 daAuts
   IceCv: 60 daAuts
    D:11: 8 daAuts
